 Dungeon Crawl Stone Soup version 0.29-a0-322-g68df515428 (webtiles) character file.

Game seed: 4402735995184651156

644251 Dabor the Thanatomancer (level 26, -27/314 HPs)
             Began as a Deep Dwarf Necromancer on Apr 7, 2022.
             Was the Champion of Jiyva.
             Killed from afar by Tuta the pandemonium lord (58 damage)
             ... with an iron shot
             ... in Pandemonium on Apr 8, 2022.
             The game lasted 04:24:08 (64860 turns).

Dabor the Thanatomancer (Deep Dwarf Necromancer)   Turns: 64860, Time: 04:24:09

Health: -27/314    AC: 35    Str: 14      XL:     26   Next: 57%
Magic:  10/35      EV: 18    Int: 53      God:    Jiyva [******]
Gold:   498        SH: 13    Dex: 18 (20) Spells: 3/57 levels left

rFire   + + +      SeeInvis +   X - +3 Elemental Staff {rElec rF++ rC++ AC+5}
rCold   + + +      Faith    .   M - +1 kite shield "Kobin" {Will+}
rNeg    + + +      Spirit   .   Y - +2 ring mail of the Dropbear {Int+6}
rPois   ∞          Reflect  .   v - +2 hat {Int+3}
rElec   +          Harm     .   C - +2 cloak of the Thief {*Fog Slay-2 SInv Stlth+}
rCorr   +          Rampage  .   Z - +2 pair of gloves "Xiroir" {Dex+3}
Will    +++++                   N - +5 pair of boots of Dim Light {Will+ rCorr Int+2}
Stlth   +++++++...              k - amulet of magic regeneration
HPRegen 1.60/turn               y - ring of Birushrox {rPois rF+ Will- Int+6}
MPRegen 1.14/turn               W - ring "Zenenis" {rN+ Int+6}

@: lich-form, studying 2 skills
A: draining attack, torment immunity, no potions, damage resistance, heal
wounds, negative energy resistance 1, sense surroundings 3, no regeneration,
hooves 1, see invisible, agile 2, clever 2, fire resistance 1, robust 3,
electricity resistance, eyeballs 3, tendrils, jelly sensing items
}: 5/15 runes: serpentine, barnacled, slimy, silver, abyssal
a: Heal Wounds, End Transformation, Renounce Religion, Oozemancy, Slimify


You were in Pandemonium.
You worshipped Jiyva.
Jiyva was exalted by your worship.
You were an undead lich.
You visited 10 branches of the dungeon, and saw 49 of its levels.
You visited Pandemonium 1 time, and saw 3 of its levels.
You visited the Abyss 1 time.
You also visited: Trove, Ice Cave and Desolation.

You collected 5654 gold pieces.
You spent 5156 gold pieces at shops.

Inventory:

Hand Weapons
 Q - the +8 Vampire's Tooth {vamp}
   (You found it on level 10 of the Dungeon)

   It occasionally heals its wielder for the full amount of damage dealt when it
   wounds a living foe.
 X - the +3 Elemental Staff (weapon) {rElec rF++ rC++ AC+5}
   (You bought it in a shop on level 11 of the Dungeon)

   If the wielder is skilled in Evocations, they can discharge powerful blasts
   of elemental energy when striking with it.
   It enhances your fire, ice, earth and air magic.
   AC:        It affects your AC (+5).
   rF:        It greatly protects you from fire.
   rC:        It greatly protects you from cold.
   rElec:     It insulates you from electricity.
Armour
 h - the -2 hat of the Alchemist {rElec rPois rF+ rC+ rN+ Will+ rMut rCorr}
   (You found it on level 5 of the Vaults)

   rF:        It protects you from fire.
   rC:        It protects you from cold.
   rElec:     It insulates you from electricity.
   rPois:     It protects you from poison.
   rN:        It protects you from negative energy.
   rCorr:     It protects you from acid and corrosion.
   rMut:      It protects you from mutation.
   Will:      It increases your willpower.
 q - an orb of energy
 v - a +2 hat of intelligence (worn)
 C - the +2 cloak of the Thief (worn) {*Fog Slay-2 SInv Stlth+}
   (You found it in a treasure trove)

   It may release a thick cloud of smoke when the wearer is hurt.
   Slay:      It affects your accuracy & damage with ranged weapons and melee
   (-2).
   SInv:      It lets you see invisible.
   Stlth:     It makes you more stealthy.
 M - the +1 kite shield "Kobin" (worn) {Will+}
   (You found it in a treasure trove)

   Will:      It increases your willpower.
 N - the +5 pair of boots of Dim Light (worn) {Will+ rCorr Int+2}
   (You found it in the Desolation of Salt)

   Int:       It affects your intelligence (+2).
   rCorr:     It protects you from acid and corrosion.
   Will:      It increases your willpower.
 Y - the +2 ring mail of the Dropbear (worn) {Int+6}
   (You found it on level 3 of the Elven Halls)

   Int:       It affects your intelligence (+6).
 Z - the +2 pair of gloves "Xiroir" (worn) {Dex+3}
   (You found it on level 5 of the Vaults)

   Dex:       It affects your dexterity (+3).
Jewellery
 k - an amulet of magic regeneration (around neck)
 y - the ring of Birushrox (left hand) {rPois rF+ Will- Int+6}
   (You found it on level 3 of the Shoals)

   [ring of intelligence]

   Int:       It affects your intelligence (+6).
   rF:        It protects you from fire.
   rPois:     It protects you from poison.
   Will:      It decreases your willpower.
 K - a ring of flight
 W - the ring "Zenenis" (right hand) {rN+ Int+6}
   (You took it off an ironbound convoker in the Desolation of Salt)

   [ring of intelligence]

   Int:       It affects your intelligence (+6).
   rN:        It protects you from negative energy.
Wands
 n - a wand of digging (8)
 F - a wand of acid (13)
 T - a wand of iceblast (6)
 U - a wand of paralysis (7)
 V - a wand of charming (14)
Scrolls
 c - 12 scrolls of immolation
 d - 3 scrolls of enchant armour
 f - 15 scrolls of teleportation
 i - 3 scrolls of fear
 j - 4 scrolls of brand weapon
 l - a scroll of summoning
 m - 2 scrolls of silence
 o - 11 scrolls of enchant weapon
 r - 2 scrolls of fog
 z - 6 scrolls of amnesia
 B - 3 scrolls of holy word
 G - a scroll of blinking
 H - 7 scrolls of vulnerability
 I - 6 scrolls of magic mapping
 L - 3 scrolls of torment
 S - 24 scrolls of identify
Potions
 a - 3 potions of brilliance
 b - 11 potions of might
 e - 4 potions of heal wounds
 g - 2 potions of ambrosia
 p - 10 potions of flight
 s - 8 potions of mutation
 t - 5 potions of curing
 w - a potion of haste
 x - 3 potions of invisibility
 A - 5 potions of attraction
 D - 2 potions of cancellation
 O - a potion of magic
Miscellaneous
 u - a phantom mirror (inert)
 E - a tin of tremorstones (inert)
 J - a lightning rod (3/4)
 P - a phial of floods (inert)
 R - a condenser vane (inert)


   Skills:
 + Level 15.3 Fighting
 - Level 7.0 Short Blades
 - Level 0.5 Axes
 * Level 13.3 Staves
 - Level 10.0 Armour
 - Level 15.0 Dodging
 - Level 16.0 Stealth
 - Level 9.0 Shields
 + Level 16.2 Spellcasting
 - Level 21.7 Necromancy
 - Level 10.0 Translocations
 - Level 16.2 Transmutations
 - Level 6.0 Ice Magic
 - Level 8.0 Earth Magic
 - Level 15.0 Evocations


You had 3 spell levels left.
You knew the following spells:

 Your Spells              Type           Power      Damage    Failure   Level
a - Pain                  Necr           100%       1d9       0%          1
b - Dispel Undead         Necr           100%       3d31      0%          4
c - Vampiric Draining     Necr           100%       2d13      0%          3
d - Animate Dead          Necr           80%        N/A       0%          4
e - Borgnjor's Vile Clut  Necr/Erth      83%        N/A       1%          5
f - Manifold Assault      Tloc           99%        N/A       1%          5
g - Anguish               Hex/Necr       63%        N/A       1%          4
h - Infestation           Necr           80%        N/A       1%          8
i - Necromutation         Tmut/Necr      76%        N/A       4%          8
j - Eringya's Noxious Bo  Tmut/Pois      46%        N/A       9%          6
r - Simulacrum            Ice/Necr       81%        N/A       1%          6

Your spell library contained the following spells:

 Spells                   Type           Power      Damage    Failure   Level
 Animate Skeleton         Necr           100%       N/A       0%          1
 Beastly Appendage        Tmut           100%       N/A       0%          1
 Sublimation of Blood     Necr           100%       N/A       0%          2
 Wereblood                Tmut           100%       N/A       0%          2
 Foxfire                  Conj/Fire      100%       2x1d9     1%          1
 Magic Dart               Conj           100%       1d8       1%          1
 Shock                    Conj/Air       100%       1d9       1%          1
 Blink                    Tloc           100%       N/A       1%          2
 Corpse Rot               Necr/Air       100%       N/A       1%          2
 Ensorcelled Hibernation  Hex/Ice        100%       N/A       1%          2
 Gell's Gravitas          Tloc           99%        N/A       1%          3
 Ignite Poison            Fire/Tmut/Pois 100%       N/A       1%          3
 Ozocubu's Armour         Ice            100%       N/A       1%          3
 Spider Form              Tmut/Pois      92%        N/A       1%          3
 Stone Arrow              Conj/Erth      100%       3d13      1%          3
 Teleport Other           Tloc           99%        N/A       1%          3
 Call Imp                 Summ           43%        N/A       2%          2
 Poisonous Vapours        Pois/Air       100%       N/A       2%          2
 Static Discharge         Conj/Air       59%        N/A       2%          2
 Dazzling Flash           Conj/Hex       86%        N/A       4%          3
 Inner Flame              Hex/Fire       59%        N/A       4%          3
 Mephitic Cloud           Conj/Pois/Air  59%        N/A       4%          3
 Swiftness                Air            59%        N/A       4%          3
 Tukima's Dance           Hex            43%        N/A       4%          3
 Agony                    Necr           100%       N/A       0%          5
 Excruciating Wounds      Necr           80%        N/A       0%          5
 Ice Form                 Ice/Tmut       100%       N/A       1%          4
 Iskenderun's Mystic Bla  Conj/Tloc      77%        2d15      1%          4
 Passage of Golubria      Tloc           99%        N/A       1%          4
 Petrify                  Tmut/Erth      100%       N/A       1%          4
 Yara's Violent Unravell  Hex/Tmut       46%        3d18      1%          5
 Death Channel            Necr           80%        N/A       1%          6
 Statue Form              Tmut/Erth      87%        N/A       1%          6
 Borgnjor's Revivificati  Necr           80%        N/A       1%          8
 Animate Armour           Summ/Erth      100%       N/A       3%          4
 Leda's Liquefaction      Hex/Erth       45%        N/A       3%          4
 Hailstorm                Conj/Ice       84%        3d17      4%          4
 Summon Ice Beast         Ice/Summ       84%        N/A       4%          4
 Dispersal                Tloc           49%        N/A       4%          6
 Summon Forest            Summ/Tloc      38%        N/A       6%          5
 Metabolic Englaciation   Hex/Ice        42%        N/A       13%         5
 Airstrike                Air            29%        N/A       16%         4
 Cause Fear               Hex            21%        N/A       16%         4
 Fulminant Prism          Conj/Hex       21%        3d13      16%         4
 Olgreb's Toxic Radiance  Pois           43%        N/A       16%         4
 Sticky Flame             Conj/Fire      59%        2d7       16%         4
 Haunt                    Necr/Summ      63%        N/A       16%         7
 Freezing Cloud           Conj/Ice/Air   48%        6-21      21%         5
 Death's Door             Necr           80%        N/A       22%         9
 Fireball                 Conj/Fire      29%        3d13      41%         5
 Iskenderun's Battlesphe  Conj           43%        2d9       41%         5
 Silence                  Hex/Air        29%        N/A       41%         5
 Summon Mana Viper        Hex/Summ       43%        N/A       41%         5
 Storm Form               Tmut/Air       57%        N/A       43%         7
 Ozocubu's Refrigeration  Ice            51%        4d15      75%         7
 Disjunction              Tloc           49%        N/A       87%         8
 Conjure Ball Lightning   Conj/Air       29%        3x3d8     94%         6
 Starburst                Conj/Fire      29%        6d9       94%         6
 Enfeeble                 Hex            21%        N/A       100%        7
 Monstrous Menagerie      Summ           21%        N/A       100%        7
 Summon Hydra             Summ           21%        N/A       100%        7
 Discord                  Hex            21%        N/A       100%        8
 Ignition                 Fire           29%        3d9       100%        8
 Lehudib's Crystal Spear  Conj/Erth      45%        10d11     100%        8
 Polar Vortex             Ice            51%        N/A       100%        9


Dungeon Overview and Level Annotations

Branches:
Dungeon (15/15)            Temple (1/1) D:6            Lair (6/6) D:9
 Shoals (4/4) Lair:2        Snake (4/4) Lair:3        Slime (5/5) Lair:5
    Orc (2/2) D:10            Elf (3/3) Orc:2        Vaults (5/5) D:13
  Crypt (0/3) Vaults:3     Depths (4/4) D:15            Zot (0/5) Depths:4
  IceCv (visited)         Desolation (visited)

Altars:
Ashenzari
Cheibriados
Dithmenos
Elyvilon
Fedhas
Gozag
Hepliaklqana
Kikubaaqudgha
Makhleb
Nemelex Xobeh
Okawaru
Qazlal
Ru
Sif Muna
Trog
Uskayaw
Vehumet
Wu Jian
Xom
Yredelemnul
Zin
The Shining One
Beogh
Jiyva

Shops:
D:2 [   D:11 [(([   Orc:1 *   Orc:2 [=*!   Elf:2 [?   Elf:3 (   Shoals:1 (*![[
Vaults:1 ?   Vaults:2 =   Depths:1 *   Depths:3 :=:   Depths:4 !

Portals:
Hell: Lair:6 Depths:1 Depths:2 Depths:3 Depths:4
Abyss: Depths:3 Depths:4
Pandemonium: Depths:2
Ziggurat: Depths:2

Annotations:
Snake:1 5 transporters
Slime:5 Royal Jelly


Innate Abilities, Weirdness & Mutations

You are an undead lich.
Your unarmed attacks are suffused with negative energy.
You are immune to unholy pain and torment.
Your necromantic spells are more powerful.
You cannot drink.
You are immune to poison.
You are resistant to damage.
You can heal yourself by infusing magical energy.
You resist negative energy. (rN+)
You passively map a large area around you.
You do not regenerate.
You have large cloven feet.
You have supernaturally acute eyesight. (SInv)
You are very agile. (Dex +4)
Your mind is very acute. (Int +4)
Your flesh is heat resistant. (rF+)
You are extremely robust. (+30% HP)
You are resistant to electric shocks. (rElec)
Your body is covered in eyes which may confuse attackers. (Acc +7, SInv)
You are covered in slimy tendrils that may disarm your opponents.
You have a small jelly attached to you that senses nearby items.


Message History

Okay, then.
Casting: Infestation (mildly dangerous; 1% risk of failure)
Confirm with . or Enter, or press ? or * to list all spells.
Aiming: Borgnjor's Vile Clutch (safe; 1% risk of failure)
Press: ? - help, Shift-Dir - straight line, f - Tuta, p - sixfirhy
Aim: Tuta (heavily wounded, fast, strong, ally target, 100% to hit)
You feel a strong surge of power!
Zombie hands grab Tuta.
The zombie hands constrict Tuta, but do no damage.
Tuta sneers, "Succumb, thou tasty supper!"
Tuta struggles to escape constriction.
Tuta tramples Tuta but does no damage.
Tuta struggles to escape constriction.
Tuta tramples Tuta!
Tuta is held in place!
Tuta struggles to escape constriction.
Aiming: Thunderbolt
Press: ? - help, Shift-Dir - straight line, f/p - Tuta
Aim: Tuta (heavily wounded, fast, strong, constricted by zombie hands, ally target)
The thunderbolt hits Tuta.
Tuta resists.
Tuta is heavily wounded.
The thunderbolt hits the sixfirhy.
The sixfirhy completely resists.
The zombie hands constrict Tuta.
You hear a chilling moan.
You hear a shout!
Tuta tramples Tuta!
Tuta is held in place!
Tuta gestures at you. You block the iron shot.
Tuta tramples Tuta!!
Tuta is held in place!
Tuta gestures at you. The iron shot hits you!!!
* * * LOW HITPOINT WARNING * * *
You hear a distant slurping noise.
Okay, then.
Unknown command.
Okay, then.
You cannot drink potions in your current state!
Okay, then.
You feel much better.
The zombie hands constrict Tuta.
Tuta completely misses Tuta.
Tuta gestures at you. The iron shot misses you.
Tuta tramples Tuta!!
Tuta is held in place!
Tuta gestures at you. The iron shot hits you!!!
You die...

* * , , , , , ## *
, , , , .., , , *
*#.* * * ** * * ,,*
#.* * *, #. ,# ,, *
#2* .# *
*######.######.####
*
.......L.......!..,
, ,
*######.3......## *
* , , #........# ,*
#.2.2&...# ,
#.≈.≈&...# **
..≈≈≈≈≈..3.# * ** *
,,.#+#≈##+..... , ,
, ., ≈≈≈, ...### *
, * ' ... ,,'..## *


You could see Tuta (fast, strong, clutched, ally target), 2 cacodemons, a
lorocyproca (invisible), 2 sixfirhies and the friendly Tuta (summoned, fast,
strong, drained).

Vanquished Creatures
  Bai Suzhen (Shoals:3)
  3 caustic shrikes
  A golden dragon (Depths:3)
  A Brimstone Fiend (Pan)
  5 tentacled monstrosities
  A walking crystal tome (Depths:3)
  6 liches
  A titan (Vaults:5)
  A walking frostbound tome (Depths:2)
  The ghost of Ismar the Stormcaller, an adept TeWz of Fedhas (Shoals:2)
  A quicksilver dragon (Snake:4)
  An acid blob (Slime:3)
  A kraken (Shoals:2)
  Polyphemus (Shoals:4)
  2 sphinxes
  A shadow dragon (Depths:3)
  A storm dragon (Depths:2)
  2 tengu reavers
  The ghost of Corhaoqi the Fencer, an adept MiGl of Makhleb (Shoals:2)
  Agnes (Snake:3)
  3 nagarajas (Snake:4)
  A revenant (Vaults:3)
  An azure jelly (Slime:3)
  2 rockslimes (Slime:4)
  6 vault wardens
  5 deep elf sorcerers
  An imperial myrmidon (Desolation)
  An iron dragon (Depths:1)
  3 fire giants (Depths:2)
  Aizul (Snake:3)
  8 frost giants
  The ghost of Dabor the Frost Mage, a journeyman DsIE of Gozag (Shoals:1)
  13 ironbound preservers
  3 stone giants
  A war gargoyle (Vaults:5)
  3 demonspawn blood saints (Pan)
  3 vampire knights
  5 deep elf demonologists
  6 very ugly things
  4 deep elf annihilators
  An ironbound thunderhulk (Vaults:2)
  4 lorocyprocas
  A black draconian (Depths:4)
  4 dire elephants
  An entropy weaver (Vaults:4)
  A yellow draconian (Depths:4)
  A merfolk javelineer (Shoals:4)
  A red draconian (Depths:4)
  A merfolk impaler (Shoals:4)
  4 deep elf death magi (Elf:3)
  2 crystal guardians (Vaults:4)
  A green death (Depths:4)
  Josephine (Lair:5)
  2 fire dragons
  2 jiangshi (Vaults:3)
  5 ragged hierophants (Desolation)
  6 ettins
  5 deep elf high priests
  6 yaktaur captains
  11 hydras
  4 naga warriors
  24 vault guards
  6 boulder beetles
  3 ice dragons
  A rakshasa (Depths:1)
  5 ironbound frosthearts
  3 merfolk avatars
  Harold (Lair:2)
  An ogre mage (Vaults:5)
  3 hell beasts (Pan)
  3 ghost crabs (Shoals:1)
  2 two-headed ogres
  3 catoblepae
  A servant of whispers (Desolation)
  12 centaur warriors
  A death knight (D:13)
  2 merfolk aquamancers (Shoals:4)
  A satyr (Shoals:2)
  A deep troll shaman (Depths:1)
  2 spriggan air magi (Depths:3)
  6 anacondas
  8 dancing weapons
  7 tengu warriors
  24 death yaks
  6 deep troll earth magi
  2 shock serpents (Snake:4)
  5 naga sharpshooters
  A thrashing horror (Abyss:3)
  4 spriggan berserkers
  Urug (Orc:1)
  5 sun demons
  2 iron trolls
  Sonja (Orc:1)
  A wretched star (Abyss:3)
  11 deep elf knights
  2 sixfirhies (Pan)
  A soul eater (Depths:4)
  2 shadow wraiths
  A quicksilver dragon simulacrum (Depths:1)
  A naga ritualist (Snake:4)
  25 deep trolls
  7 sea snakes
  A shadow demon (Pan)
  A deep troll (shapeshifter) (Vaults:5)
  A goliath frog (Depths:4)
  An orb spider (shapeshifter) (Elf:1)
  10 deep elf archers
  2 spectral merfolk (Shoals:1)
  5 wizards
  7 ironbound convokers
  A phantasmal warrior (Vaults:5)
  13 harpies
  An orc knight (Vaults:5)
  17 deep elf pyromancers
  43 ugly things
  4 orc sorcerers
  A shining eye (Slime:3)
  A wolf spider (shapeshifter) (Vaults:5)
  3 oklob plants (Lair:5)
  A necromancer (Vaults:4)
  2 salamanders
  3 mana vipers
  13 deep elf zephyrmancers
  3 fauns
  A spectral alligator snapping turtle (Shoals:1)
  2 cyclopes
  3 guardian serpents
  2 sphinx skeletons (Vaults:1)
  A fire giant skeleton (Depths:1)
  6 vault sentinels
  7 manticores
  6 merfolk sirens
  25 black mambas
  3 gargoyles
  7 elephants
  2 ice statues
  5 naga magi
  A stone giant skeleton (Depths:1)
  A torpor snail (Lair:2)
  An apocalypse crab (Abyss:3)
  5 water nymphs
  An eye of devastation (Slime:1)
  Psyche (D:11)
  An orange demon (Lair:6)
  A shock serpent skeleton (Snake:2)
  16 cane toads
  5 kobold demonologists
  A hellion (Pan)
  Maggie (D:8)
  16 komodo dragons
  3 tengu conjurers
  2 unseen horrors
  5 rime drakes
  A tormentor (Pan)
  20 yaktaurs
  A red devil (Lair:6)
  2 freezing wraiths (Vaults:5)
  A hellwing (Depths:2)
  An efreet (Abyss:3)
  6 merfolk
  5 human skeletons
  A silent spectre (Abyss:4)
  A queen bee (shapeshifter) (D:15)
  3 tyrant leeches (D:10)
  A hornet (Depths:4)
  7 trolls
  A tarantella (shapeshifter) (Elf:2)
  A tarantella (Vaults:1)
  7 polar bears (IceCv)
  4 raiju
  13 saltlings (Desolation)
  9 blink frogs (Lair:6)
  5 wind drakes
  16 slime creatures
  4 large abominations
  A spectral manticore (Shoals:1)
  A snapping turtle (Shoals:4)
  8 dream sheep
  A spriggan (Depths:4)
  56 yaks
  Sigmund (D:3)
  2 shadows
  An ice dragon skeleton (Depths:1)
  A black mamba zombie (Snake:3)
  3 merfolk skeletons (Shoals:2)
  A deep troll skeleton (Depths:1)
  2 ettin skeletons
  3 vampires
  8 starcursed masses
  6 wyverns
  3 black mamba skeletons (Snake:4)
  9 wraiths
  Grum (Lair:1)
  3 ynoxinuls (Pan)
  A redback (Vaults:4)
  6 basilisks
  9 golden eyes
  5 water elementals
  2 fire elementals
  A steam dragon (D:8)
  A yaktaur simulacrum (Vaults:4)
  3 chaos spawn (Abyss:3)
  2 wargs
  A naga zombie (Snake:3)
  19 vampire mosquitoes
  Duvessa (D:6)
  4 hell hounds (Lair:6)
  An acid dragon (D:10)
  24 nagas
  A water nymph skeleton (Shoals:2)
  14 water moccasins
  A swamp drake (D:9)
  3 merfolk zombies (Shoals:2)
  15 orc warriors
  2 ice beasts
  A sky beast (D:5)
  A black bear (D:6)
  4 ogres
  24 wolves
  A boggart (Vaults:1)
  14 centaurs
  A snapping turtle skeleton (Shoals:2)
  A phantom (Depths:4)
  7 kobold brigands
  13 bullfrogs
  A gnoll sergeant (D:8)
  6 naga skeletons
  3 scorpions
  4 necrophages
  3 earth elementals
  7 wights
  2 small abominations (Abyss:3)
  11 killer bees
  2 howler monkeys
  A crimson imp (Abyss:3)
  2 lava snakes
  20 orc priests
  3 hounds (D:4)
  5 jellies
  Jessica (D:2)
  17 hell rats
  3 iguanas
  24 orc wizards
  Robin (D:3)
  A gnoll (Orc:1)
  9 adders
  7 shadow imps
  12 white imps
  3 ufetubi
  A worm (D:3)
  4 dart slugs
  56 orcs
  4 ball pythons
  7 endoplasms
  13 giant cockroaches
  10 goblins
  15 hobgoblins
  6 jackals
  3 bats
  2 frilled lizards
  14 kobolds
  2 rats
  2 butterflies (Lair:3)
  A tentacle (Shoals:3)
1323 creatures vanquished.

Vanquished Creatures (collateral kills)
  Mara (Snake:4)
  A juggernaut (Depths:3)
  A pandemonium lord (Pan)
  Vashnia (Snake:2)
  A golden dragon (Depths:3)
  Nikola (Depths:2)
  3 bone dragons (Depths:4)
  Jorgrun (Orc:2)
  Rupert (D:13)
  Zenata (Vaults:1)
  3 tentacled monstrosities
  3 liches
  4 deep elf blademasters
  2 titans (Vaults:5)
  2 Hell Sentinels
  Asterion (Snake:4)
  6 acid blobs
  2 deep elf master archers (Elf:3)
  A quicksilver dragon (Snake:4)
  A sphinx (Vaults:5)
  A tentacled starspawn (Abyss:3)
  3 shadow dragons
  2 tengu reavers
  3 storm dragons (Vaults:5)
  Roxanne (Shoals:4)
  3 nagarajas (Snake:4)
  3 azure jellies
  A rockslime (Slime:5)
  An imperial myrmidon (Desolation)
  3 fire giants
  A caustic shrike zombie (Abyss:3)
  6 frost giants
  5 deep elf sorcerers
  3 balrugs (Pan)
  9 vault wardens
  The ghost of Inglan the Earth Mage, a journeyman GrEE of Vehumet (Snake:1)
  A draconian shifter (Depths:4)
  5 deep elf elementalists (Elf:3)
  A reaper (Depths:4)
  11 ironbound preservers
  A draconian stormcaller (Depths:4)
  2 war gargoyles (Vaults:5)
  7 ironbound thunderhulks
  9 stone giants
  A quicksilver ooze (Slime:3)
  12 very ugly things
  A vampire knight (Depths:3)
  A green draconian (Depths:4)
  3 deep elf demonologists (Elf:3)
  3 lorocyprocas
  4 deep elf annihilators
  A halazid warlock (Desolation)
  An entropy weaver (Vaults:1)
  A white draconian (Depths:4)
  A yellow draconian (Depths:4)
  4 dire elephants
  A spark wasp (Depths:3)
  Snorg (Lair:5)
  3 deep elf death magi
  A merfolk javelineer (Shoals:4)
  A green death (Pan)
  A quicksilver dragon zombie (Snake:4)
  8 ettins
  4 fire dragons
  A blizzard demon (Pan)
  A crystal guardian (Desolation)
  2 deep elf high priests (Elf:3)
  11 yaktaur captains
  2 merfolk impalers
  6 ragged hierophants (Desolation)
  A spectral kraken (Shoals:1)
  6 rakshasas
  Erolcha (D:9)
  4 salamander tyrants (Snake:4)
  A hydra (Lair:6)
  An ice dragon (Depths:3)
  5 naga warriors
  4 servants of whispers (Desolation)
  6 peacekeepers
  4 vault guards
  2 hell beasts
  Fannar (Orc:1)
  6 centaur warriors
  A boulder beetle (D:13)
  A spriggan air mage (Depths:1)
  5 ironbound frosthearts
  3 anacondas
  3 merfolk aquamancers
  A merfolk avatar (Shoals:3)
  A death knight (D:15)
  2 deep troll shamans
  19 dancing weapons
  A two-headed ogre (D:12)
  2 tengu warriors
  2 orc high priests
  A hell hog (Depths:1)
  3 deep troll earth magi
  6 thrashing horrors (Abyss:3)
  The ghost of Xebracze the Thaumaturge, a journeyman DEFE of Vehumet (Lair:2)
  7 naga sharpshooters
  A shock serpent (Snake:3)
  6 sun demons (Pan)
  4 soul eaters
  3 wretched stars
  8 deep elf knights (Elf:2)
  3 spectral merfolk (Shoals:1)
  A shadow wraith (Depths:4)
  2 sixfirhies
  An iron troll (Depths:4)
  A sea snake (Shoals:4)
  3 salamander mystics
  A flayed ghost (Vaults:5)
  2 glowing orange brains
  38 deep trolls
  15 ironbound convokers
  5 deep elf archers
  4 naga ritualists
  3 wizards
  19 harpies
  15 deep elf pyromancers
  An orc knight (Vaults:5)
  7 large abominations
  2 phantasmal warriors (Vaults:5)
  8 lindwurms (Vaults:1)
  13 deep elf zephyrmancers
  A mana viper (Snake:3)
  15 ugly things
  8 salamanders
  2 necromancers
  2 fauns (Shoals:1)
  A wolf spider (Depths:4)
  2 orc sorcerers
  A cyclops (Shoals:3)
  3 worldbinders
  A shining eye (Slime:5)
  A faun (shapeshifter) (D:15)
  6 vault sentinels
  2 eyes of devastation
  A moth of wrath (shapeshifter) (D:13)
  2 elephants
  11 guardian serpents
  A rust devil (Pan)
  6 smoke demons
  2 merfolk sirens (Shoals:1)
  13 naga magi
  2 water nymphs
  8 black mambas
  A shock serpent skeleton (Snake:2)
  3 orange demons
  A stone giant skeleton (Vaults:4)
  2 molten gargoyles (Desolation)
  A demonic crawler (Depths:4)
  An unseen horror (D:13)
  2 cane toads (Lair:6)
  2 komodo dragons
  A kobold demonologist (Abyss:3)
  3 freezing wraiths
  19 yaktaurs
  2 ice devils (Lair:6)
  An ancient zyme (Abyss:2)
  A red devil (Pan)
  A harpy zombie (Abyss:3)
  19 merfolk
  3 polar bears
  5 wind drakes (Shoals:4)
  22 slime creatures
  2 merfolk skeletons (Shoals:2)
  3 dream sheep (Shoals:3)
  2 hornets (Depths:4)
  6 snapping turtles
  2 black mamba zombies
  7 raiju
  49 saltlings (Desolation)
  A frost giant simulacrum (Vaults:2)
  2 human simulacra (Vaults:2)
  A spriggan (Depths:4)
  A deep troll skeleton (Depths:1)
  A shadow (Abyss:3)
  A spriggan skeleton (Depths:1)
  2 guardian serpent skeletons (Snake:2)
  8 small abominations
  3 wraiths
  3 ynoxinuls
  8 water elementals
  5 yaks
  A fire dragon skeleton (Depths:1)
  2 ettin skeletons (Depths:1)
  A wyvern (Lair:2)
  A basilisk (Lair:2)
  2 black mamba skeletons (Snake:1)
  A golden eye (Slime:4)
  10 chaos spawn
  A redback (shapeshifter) (Elf:2)
  2 redbacks (Vaults:1)
  2 wargs
  3 vampire mosquitoes (D:13)
  27 nagas
  2 spatial vortices
  A salamander zombie (Snake:3)
  A spectral snapping turtle (Shoals:1)
  A water moccasin (Lair:6)
  A hell hound (Lair:6)
  A water nymph skeleton (Shoals:2)
  9 orc warriors
  6 naga skeletons
  A swamp drake (D:10)
  A black bear (shapeshifter) (Elf:3)
  An ogre (Orc:2)
  4 wolves
  3 boggarts (Vaults:1)
  A centaur (Lair:2)
  2 kobold brigands (Abyss:2)
  A gnoll sergeant (D:10)
  A bullfrog (Lair:2)
  An earth elemental (Elf:2)
  A killer bee (shapeshifter) (Abyss:3)
  2 howler monkeys (D:8)
  2 crimson imps (Abyss:3)
  10 starcursed masses
  4 orc priests (Orc:2)
  5 iron imps (Abyss:3)
  11 orc wizards
  4 naga zombies
  7 gnolls
  An adder (shapeshifter) (Abyss:3)
  4 shadow imps (Abyss:3)
  7 white imps
  An ufetubus (Abyss:3)
  18 orcs
  4 plants (Shoals:2)
  2 starspawn tentacles (Abyss:3)
  A withered plant (Shoals:1)
926 creatures vanquished.

Vanquished Creatures (others)
  A kraken (Shoals:3)
  A tengu reaver (Vaults:5)
  A deep elf sorcerer (Elf:3)
  A stone giant (Depths:3)
  A deep elf annihilator (Vaults:5)
  A merfolk javelineer (Shoals:2)
  2 merfolk impalers (Shoals:4)
  5 great orbs of eyes
  A great orb of eyes (shapeshifter) (Vaults:5)
  2 vault guards (Vaults:5)
  2 ironbound frosthearts (IceCv)
  A thrashing horror (Abyss:3)
  A salamander mystic (Snake:4)
  A deep elf knight (Elf:2)
  2 deep trolls
  5 glowing orange brains
  A wizard (Vaults:4)
  A harpy (shapeshifter) (Vaults:5)
  A wolf spider (shapeshifter) (Vaults:5)
  An ironbound convoker (Vaults:3)
  A deep elf zephyrmancer (Elf:2)
  2 shining eyes (Abyss:3)
  A manticore (shapeshifter) (Vaults:5)
  2 ugly things (Vaults:4)
  A merfolk siren (Shoals:3)
  2 vault sentinels
  A black mamba (Snake:4)
  A yaktaur (Vaults:2)
  2 meliai (shapeshifter) (Vaults:5)
  A polar bear (shapeshifter) (Depths:4)
  A snapping turtle (Shoals:4)
  24 slime creatures
  4 large abominations (Abyss:3)
  A wraith (Abyss:3)
  A golden eye (shapeshifter) (Abyss:3)
  4 golden eyes (Abyss:3)
  A naga (Snake:4)
  A floating eye (Abyss:4)
  A swamp drake (shapeshifter) (Abyss:3)
  3 floating eyes (shapeshifter)
  A centaur (D:7)
  A tengu (shapeshifter) (Vaults:5)
  A centaur (shapeshifter) (Abyss:3)
  5 small abominations (Abyss:3)
  132 jellies
  A hound (shapeshifter) (Abyss:3)
  2 orc wizards
  A white imp (Orc:1)
  An orc (shapeshifter) (Abyss:3)
  A hobgoblin (shapeshifter) (Abyss:3)
  A frilled lizard (shapeshifter) (Abyss:3)
  2 rats (shapeshifter) (Abyss:3)
  3 demonic plants (Abyss:3)
  50 fungi
  238 plants
  4 starspawn tentacles (Abyss:3)
  29 tentacles
  16 withered plants
576 creatures vanquished.

Grand Total: 2825 creatures vanquished

Notes
Turn   | Place    | Note
-------+----------+-------------------------------------------
     0 | D:1      | Dabor the Deep Dwarf Necromancer began the quest for the
                  | Orb.
     0 | D:1      | Reached XP level 1. HP: 15/15 MP: 3/3
   737 | D:1      | Reached XP level 2. HP: 22/22 MP: 1/5
   798 | D:1      | Found a faded altar of an unknown god.
  1285 | D:2      | Noticed Jessica
  1287 | D:2      | Killed Jessica
  1288 | D:2      | Reached skill level 5 in Necromancy
  1288 | D:2      | Reached XP level 3. HP: 28/28 MP: 3/6
  1650 | D:2      | Found Diohixkia's Antique Armour Boutique.
  2391 | D:3      | Reached XP level 4. HP: 36/36 MP: 4/7
  2873 | D:3      | Noticed Sigmund
  2880 | D:3      | Killed Sigmund
  2881 | D:3      | Reached skill level 6 in Necromancy
  2881 | D:3      | Reached XP level 5. HP: 22/42 MP: 0/9
  2887 | D:3      | Learned a level 3 spell: Vampiric Draining
  2892 | D:3      | Learned a level 4 spell: Animate Dead
  3365 | D:4      | Noticed Robin
  3605 | D:4      | Reached skill level 7 in Necromancy
  3612 | D:3      | Killed Robin
  3613 | D:3      | Reached XP level 6. HP: 49/49 MP: 1/10
  4580 | D:4      | Reached skill level 1 in Fighting
  4580 | D:4      | Reached XP level 7. HP: 52/57 MP: 2/12
  4754 | D:5      | Entered Level 5 of the Dungeon
  4800 | D:5      | Learned a level 4 spell: Dispel Undead
  4803 | D:4      | Reached skill level 8 in Necromancy
  5413 | D:5      | Reached XP level 8. HP: 63/68 MP: 7/14
  5639 | D:5      | Found the +7 staff of the Meek {protect, meekguard}
  6447 | D:6      | Reached skill level 9 in Necromancy
  6654 | D:6      | Reached skill level 1 in Staves
  6725 | D:6      | Noticed Dowan
  7098 | D:6      | Noticed Duvessa
  7358 | D:6      | Killed Duvessa
  7361 | D:6      | Noticed Dowan
  7361 | D:6      | Dowan changed into Dowan the giant cockroach
  7371 | D:6      | Killed Dowan the giant cockroach
  7552 | D:6      | Found a glowing golden altar of the Shining One.
  7702 | D:6      | Found a staircase to the Ecumenical Temple.
  7964 | Temple   | Entered the Ecumenical Temple
  8240 | Temple   | Became a worshipper of Kikubaaqudgha
  8504 | D:7      | Gained mutation: You passively map the area around you.
                  | [Deep Dwarf growth]
  8504 | D:7      | Reached XP level 9. HP: 76/76 MP: 11/16
  8763 | D:7      | Gained mutation: You are dopey. (Int -2) [potion of
                  | mutation]
  8763 | D:7      | Gained mutation: Your spells are a little easier to cast,
                  | but a little less powerful. [potion of mutation]
  8763 | D:7      | Lost mutation: Your spells are a little easier to cast, but
                  | a little less powerful. [potion of mutation]
  8763 | D:7      | Gained mutation: Your muscles are strong. (Str +2) [potion
                  | of mutation]
  8764 | D:7      | Lost mutation: You are dopey. (Int -2) [potion of mutation]
  8764 | D:7      | Lost mutation: Your muscles are strong. (Str +2) [potion of
                  | mutation]
  8764 | D:7      | Gained mutation: You have a pair of small horns on your
                  | head. [potion of mutation]
  8764 | D:7      | Gained mutation: Your flesh is cold resistant. (rC+)
                  | [potion of mutation]
  9102 | D:7      | Reached skill level 5 in Spellcasting
  9102 | D:7      | Reached skill level 10 in Necromancy
  9666 | D:8      | Noticed Maggie
  9687 | D:8      | Killed Maggie
 10172 | D:8      | Noticed a centaur warrior
 10316 | D:8      | Identified the +3 dagger of Wemoigyeck {spect, *Noise rC+
                  | Will++ Str+2}
 10319 | D:8      | Got the Incunabulum of Enchantment
 10327 | D:8      | Reached skill level 5 in Dodging
 10337 | D:8      | Reached * piety under Kikubaaqudgha
 10337 | D:8      | Received a gift from Kikubaaqudgha
 10341 | D:8      | Reached skill level 5 in Staves
 10349 | D:8      | Killed a centaur warrior
 10350 | D:8      | Reached skill level 11 in Necromancy
 10350 | D:8      | Reached XP level 10. HP: 47/87 MP: 2/18
 10576 | D:9      | Noticed a two-headed ogre
 10596 | D:9      | Killed a two-headed ogre
 10757 | D:9      | Noticed Erolcha
 10786 | D:9      | Killed Erolcha
 10787 | D:9      | Reached skill level 5 in Fighting
 11179 | D:9      | Reached skill level 12 in Necromancy
 11423 | D:9      | Found a staircase to the Lair.
 12256 | D:10     | Entered Level 10 of the Dungeon
 12313 | D:10     | Reached XP level 11. HP: 80/97 MP: 11/20
 12324 | D:10     | Reached ** piety under Kikubaaqudgha
 12672 | D:10     | Noticed a two-headed ogre
 13029 | D:10     | Killed a two-headed ogre
 13186 | D:10     | Reached skill level 13 in Necromancy
 13297 | Lair:1   | Entered Level 1 of the Lair of Beasts
 14895 | Lair:1   | Noticed Grum
 14917 | Lair:1   | Killed Grum
 14918 | Lair:1   | Reached skill level 14 in Necromancy
 15794 | Lair:2   | Noticed a seven-headed hydra
 15803 | Lair:2   | Killed a seven-headed hydra
 15806 | Lair:2   | Found a staircase to the Shoals.
 15821 | Lair:2   | Reached *** piety under Kikubaaqudgha
 15821 | Lair:2   | Received a gift from Kikubaaqudgha
 15828 | Lair:2   | Learned a level 5 spell: Borgnjor's Vile Clutch
 15850 | Lair:2   | Noticed Harold
 15864 | Lair:2   | Killed Harold
 15865 | Lair:2   | Reached skill level 1 in Earth Magic
 15945 | Lair:2   | Reached XP level 12. HP: 50/105 MP: 10/24
 16047 | Lair:2   | Reached skill level 1 in Evocations
 16102 | Lair:2   | Noticed a four-headed hydra
 16115 | Lair:2   | Killed a four-headed hydra
 16116 | Lair:2   | Reached skill level 1 in Armour
 16126 | Lair:2   | Found a transporter.
 16141 | Lair:2   | Noticed a seven-headed hydra
 16146 | Lair:2   | Noticed Xebracze's ghost (journeyman DEFE)
 16152 | Lair:2   | Found a transporter.
 16630 | Lair:3   | Found a staircase to the Snake Pit.
 16634 | Lair:3   | Identified the +3 leather armour "Panotilu" {+Inv Int+2}
 17421 | Lair:4   | Noticed a death yak
 17421 | Lair:4   | Noticed a death yak
 17421 | Lair:4   | Noticed a death yak
 17440 | Lair:4   | Killed a death yak
 17448 | Lair:4   | Reached skill level 5 in Stealth
 17449 | Lair:4   | Killed a death yak
 17463 | Lair:4   | Killed a death yak
 17757 | Lair:4   | Reached skill level 5 in Earth Magic
 18896 | Lair:5   | Noticed Josephine
 18905 | Lair:5   | Reached skill level 15 in Necromancy
 18905 | Lair:5   | Reached **** piety under Kikubaaqudgha
 18909 | Lair:5   | Killed Josephine
 19317 | Lair:5   | Reached skill level 1 in Ice Magic
 19502 | Lair:5   | Reached XP level 13. HP: 80/113 MP: 14/25
 19571 | Lair:5   | Identified the +1 scale mail "Jeuskog" {Regen+}
 19742 | Lair:5   | Found a staircase to the Slime Pits.
 19861 | Lair:5   | Noticed Snorg
 19868 | Lair:5   | Killed Snorg
 20221 | Lair:5   | Reached skill level 5 in Evocations
 21016 | Lair:6   | Entered Level 6 of the Lair of Beasts
 21460 | Lair:6   | Reached ***** piety under Kikubaaqudgha
 21557 | Lair:6   | Reached skill level 5 in Armour
 22258 | Lair:6   | Noticed a dire elephant
 22419 | Lair:6   | Killed a dire elephant
 22498 | Lair:5   | Learned a level 6 spell: Simulacrum
 22519 | Lair:6   | Reached skill level 10 in Dodging
 22756 | Lair:6   | Gained mutation: You resist negative energy. (rN+) [Deep
                  | Dwarf growth]
 22756 | Lair:6   | Reached XP level 14. HP: 62/124 MP: 15/27
 23397 | Lair:6   | Found a burning altar of Makhleb.
 23462 | Lair:6   | Found a gateway to Hell.
 24506 | D:10     | Reached ****** piety under Kikubaaqudgha
 24662 | D:10     | Found a staircase to the Orcish Mines.
 25032 | D:10     | Received a gift from Kikubaaqudgha
 25417 | D:10     | Found the +8 Vampire's Tooth {vamp}
 25739 | D:11     | Noticed Psyche
 25747 | D:11     | Killed Psyche
 25843 | D:11     | Found Tucu Jue's Weapon Shop.
 25843 | D:11     | Found Xothrat Abum's Armour Shop.
 25846 | D:11     | Found Fepsarch's Antique Weapon Shop.
 25855 | D:11     | Found Ekhius's Armour Shop.
 25907 | D:11     | Bought the +3 Elemental Staff {rElec rF++ rC++ AC+5} for
                  | 1297 gold pieces
 25907 | D:11     | Found the +3 Elemental Staff {rElec rF++ rC++ AC+5}
 26281 | D:11     | Reached skill level 1 in Short Blades
 26339 | D:11     | Reached skill level 16 in Necromancy
 27154 | D:12     | Identified the +0 falchion of Overwhelming Force {drain,
                  | Will++}
 27166 | D:12     | Reached skill level 5 in Ice Magic
 28565 | D:13     | Found a gate to the Vaults.
 28779 | D:13     | Noticed Rupert
 28780 | D:13     | Paralysed by Rupert for 5 turns
 28788 | D:13     | Killed Rupert
 28941 | D:13     | Reached XP level 15. HP: 109/134 MP: 13/27
 29046 | D:13     | Noticed a frost giant
 29193 | D:13     | Killed a frost giant
 29432 | D:13     | Learned a level 4 spell: Anguish
 30601 | D:14     | Reached skill level 10 in Evocations
 30893 | D:14     | Reached skill level 10 in Spellcasting
 31257 | D:14     | Identified the +9 battleaxe "Jellybane" {vamp, rElec rC-
                  | Str+3}
 31285 | D:14     | Found a sparkling altar of Nemelex Xobeh.
 31659 | D:15     | Entered Level 15 of the Dungeon
 32212 | D:15     | Reached skill level 5 in Short Blades
 32479 | D:15     | Reached skill level 10 in Stealth
 32582 | D:11     | Bought a +1 pair of boots of rampaging for 214 gold pieces
 32596 | D:11     | Bought a +2 pair of gloves for 198 gold pieces
 32778 | D:15     | Found a sacrificial altar of Ru.
 32815 | D:15     | Identified the +3 mace "Gewuiquj" {vorpal, Contam *Slow
                  | rPois rN+++}
 33051 | D:15     | Reached XP level 16. HP: 133/144 MP: 8/29
 33051 | D:15     | Found a staircase to the Depths.
 33378 | Orc:1    | Entered Level 1 of the Orcish Mines
 33378 | Orc:1    | Found a frozen archway.
 33378 | Orc:1    | You fall into a shaft and drop 1 floor!
 33378 | Orc:2    | Entered Level 2 of the Orcish Mines
 33439 | Orc:1    | Noticed Urug
 33458 | Orc:1    | Killed Urug
 33488 | Orc:1    | Found Gyr Xiw's General Store.
 33496 | Orc:1    | Identified a scroll of acquirement
 33497 | Orc:1    | Acquired 747 gold pieces
 33508 | Orc:1    | Noticed Sonja
 33533 | Orc:1    | Killed Sonja
 33538 | IceCv    | Entered an ice cave
 33604 | IceCv    | Learned a level 8 spell: Infestation
 34657 | D:2      | Bought a shiny orb for 312 gold pieces
 34898 | Orc:1    | Noticed Fannar
 34918 | Orc:1    | Killed Fannar
 35182 | Orc:2    | Found a staircase to the Elven Halls.
 35285 | Orc:2    | Noticed Jorgrun
 35292 | Orc:2    | Killed Jorgrun
 35342 | Orc:2    | Found Zuaclo Xoose's Antique Armour Shoppe.
 35346 | Orc:2    | Found Akuk's Jewellery Shoppe.
 35353 | Orc:2    | Found Juiqeseh's Distillery.
 35363 | Orc:2    | Found Dauzinig's Assorted Antiques.
 35635 | Orc:2    | Bought an amulet of magic regeneration for 360 gold pieces
 35647 | Orc:2    | Bought a potion of cancellation for 88 gold pieces
 35647 | Orc:2    | Bought a potion of might for 44 gold pieces
 35647 | Orc:2    | Bought a potion of mutation for 88 gold pieces
 35647 | Orc:2    | Bought a potion of heal wounds for 55 gold pieces
 35648 | Orc:2    | Bought 2 potions of haste for 420 gold pieces
 36138 | Elf:1    | Entered Level 1 of the Elven Halls
 36442 | Elf:1    | Got the Collected Works on Attacks
 36592 | Elf:1    | Found a portal to a secret trove of treasure.
 36748 | Elf:1    | Identified the +10 great sword of Unpleasantness {vorpal,
                  | Str+4}
 37314 | Elf:2    | Found Edderu Nounu's Magic Scroll Emporium.
 37320 | Elf:2    | Found Sillaegg's Antique Armour Boutique.
 37346 | Elf:2    | Bought a scroll of enchant armour for 105 gold pieces
 37346 | Elf:2    | Bought a scroll of summoning for 133 gold pieces
 37480 | Elf:2    | Reached XP level 17. HP: 49/141 MP: 17/30
 37540 | Elf:2    | Bought a pair of translucent boots for 209 gold pieces
 37540 | Elf:2    | Identified the +0 pair of boots of the Desert {Regen+
                  | Int+4} (You bought it in a shop on level 2 of the Elven
                  | Halls)
 37581 | Elf:2    | Found a runed translucent gate.
 37582 | Elf:2    | Found a runed translucent gate.
 37582 | Elf:2    | Found a runed translucent gate.
 37652 | Elf:2    | Reached skill level 10 in Fighting
 37652 | Elf:2    | Reached skill level 15 in Stealth
 38267 | Shoals:1 | Entered Level 1 of the Shoals
 38267 | Shoals:1 | Found Daty's Assorted Antiques.
 38267 | Shoals:1 | Found Minuitz's Weapon Shoppe.
 38324 | Shoals:1 | Found Nuodyted's Distillery.
 38380 | Shoals:1 | Bought a potion of ambrosia for 144 gold pieces
 38380 | Shoals:1 | Bought a potion of curing for 54 gold pieces
 38458 | Lair:2   | Killed Xebracze's ghost
 38594 | Slime:1  | Entered Level 1 of the Pits of Slime
 38897 | Slime:3  | Noticed an acid blob
 38909 | Slime:3  | Killed an acid blob
 39035 | Slime:4  | Noticed an acid blob
 39043 | Slime:4  | HP: 6/157 [rockslime (29)]
 39047 | Slime:4  | Reached skill level 17 in Necromancy
 39050 | Slime:4  | Killed an acid blob
 39197 | Slime:5  | Entered Level 5 of the Pits of Slime
 39197 | Slime:5  | Noticed an acid blob
 39209 | Slime:5  | Noticed an acid blob
 39212 | Slime:5  | Noticed an acid blob
 39212 | Slime:5  | Gained mutation: You are weak. (Str -2) [a shining eye]
 39224 | Slime:5  | Noticed an acid blob
 39229 | Slime:5  | Noticed an acid blob
 39231 | Slime:5  | Noticed an acid blob
 39237 | Slime:5  | Killed an acid blob
 39242 | Slime:5  | Killed an acid blob
 39242 | Slime:5  | Gained mutation: Your magical capacity is low. (-10% MP) [a
                  | shining eye]
 39246 | Slime:5  | Killed an acid blob
 39277 | Slime:5  | Noticed the Royal Jelly
 39278 | Slime:5  | Found a viscous altar of Jiyva.
 39278 | Slime:5  | Noticed an acid blob
 39292 | Slime:5  | Killed an acid blob
 39298 | Slime:5  | Noticed an acid blob
 39300 | Slime:5  | Noticed an acid blob
 39301 | Slime:5  | Noticed an acid blob
 39302 | Slime:5  | Killed an acid blob
 39306 | Slime:5  | Noticed an acid blob
 39309 | Slime:5  | Noticed an acid blob
 39316 | Slime:5  | Noticed an acid blob
 39322 | Slime:5  | Noticed an acid blob
 39332 | Slime:5  | Fell from the grace of Kikubaaqudgha
 39332 | Slime:5  | Became a worshipper of Jiyva Jobba the Shapeless
 39900 | Depths:1 | Entered Level 1 of the Depths
 39988 | Depths:1 | Noticed a lich
 40344 | Shoals:1 | Found Xeuly's Armour Shoppe.
 40345 | Shoals:1 | Found Reelli's Armour Shoppe.
 40398 | Shoals:1 | Found a runed translucent door.
 40398 | Shoals:1 | Noticed Dabor's ghost (journeyman DsIE)
 40542 | Shoals:1 | Reached * piety under Jiyva
 40981 | Shoals:1 | Killed Dabor's ghost
 40982 | Shoals:1 | Gained mutation: You passively map a large area around you.
                  | [Deep Dwarf growth]
 40982 | Shoals:1 | Reached XP level 18. HP: 106/146 MP: 18/22
 41179 | Shoals:2 | Reached ** piety under Jiyva
 41201 | Shoals:2 | Reached skill level 18 in Necromancy
 41376 | Shoals:2 | Found a runed translucent gate.
 41376 | Shoals:2 | Found a runed translucent gate.
 41376 | Shoals:2 | Found a runed translucent gate.
 41380 | Shoals:2 | Noticed Ismar's ghost (adept TeWz)
 41380 | Shoals:2 | Noticed Corhaoqi's ghost (adept MiGl)
 41585 | Shoals:2 | Killed Corhaoqi's ghost
 41777 | Shoals:2 | Killed Ismar's ghost
 42408 | Shoals:3 | Reached *** piety under Jiyva
 42415 | Shoals:3 | Lost mutation: You are weak. (Str -2) [Jiyva's grace]
 42415 | Shoals:3 | Gained mutation: You are covered in slimy tendrils that may
                  | disarm your opponents. [Jiyva's grace]
 42415 | Shoals:3 | Gained mutation: You have sharp toenails. [Jiyva's grace]
 42415 | Shoals:3 | Gained mutation: You have razor-sharp toenails. [Jiyva's
                  | grace]
 42415 | Shoals:3 | Gained mutation: You have claws for feet. [Jiyva's grace]
 42487 | Shoals:3 | Identified the ring of Birushrox {rPois rF+ Will- Int+6}
 42680 | Shoals:3 | Noticed Bai Suzhen
 42724 | Shoals:3 | Killed Bai Suzhen
 43229 | Shoals:4 | Entered Level 4 of the Shoals
 43356 | Shoals:4 | Reached skill level 19 in Necromancy
 43416 | Shoals:4 | Reached **** piety under Jiyva
 43428 | Shoals:4 | Identified Roxanne's Disquisition on Transformation
 43428 | Shoals:4 | Noticed Roxanne
 43436 | Shoals:4 | Killed Roxanne
 43598 | Shoals:4 | Reached skill level 1 in Transmutations
 43635 | Shoals:4 | Got a barnacled rune of Zot
 43825 | Shoals:4 | Noticed Polyphemus
 43865 | Shoals:4 | Killed Polyphemus
 44296 | Snake:1  | Entered Level 1 of the Snake Pit
 44296 | Snake:1  | Noticed Inglan's ghost (journeyman GrEE)
 44296 | Snake:1  | Found a runed translucent door.
 44389 | Snake:1  | Lost mutation: You have claws for feet. [Jiyva's grace]
 44389 | Snake:1  | Gained mutation: You have a small jelly attached to you
                  | that may absorb projectiles. [Jiyva's grace]
 44389 | Snake:1  | Gained mutation: You expend magic power (3 MP) to
                  | strengthen your wands. [Jiyva's grace]
 44389 | Snake:1  | Gained mutation: You are strong-willed. (Will+) [Jiyva's
                  | grace]
 44389 | Snake:1  | Gained mutation: You are highly strong-willed. (Will++)
                  | [Jiyva's grace]
 44461 | Snake:1  | You fall into a shaft and drop 1 floor!
 44670 | Snake:1  | Found a transporter.
 44674 | Snake:1  | Found a transporter.
 44676 | Snake:1  | Found a transporter.
 44676 | Snake:1  | Found a transporter.
 44772 | Snake:1  | Found a transporter.
 44774 | Snake:1  | Found a transporter.
 45071 | Snake:1  | Killed Inglan's ghost
 45176 | Snake:1  | Reached ***** piety under Jiyva
 45216 | Snake:1  | Reached XP level 19. HP: 171/176 MP: 17/23
 45981 | Snake:2  | Lost mutation: You are covered in slimy tendrils that may
                  | disarm your opponents. [Jiyva's grace]
 45981 | Snake:2  | Lost mutation: You expend magic power (3 MP) to strengthen
                  | your wands. [Jiyva's grace]
 45981 | Snake:2  | Gained mutation: Your flesh is heat resistant. (rF+)
                  | [Jiyva's grace]
 45981 | Snake:2  | Gained mutation: Your flesh is very heat resistant. (rF++)
                  | [Jiyva's grace]
 45981 | Snake:2  | Gained mutation: Your flesh is almost immune to the effects
                  | of heat. (rF+++) [Jiyva's grace]
 45981 | Snake:2  | Gained mutation: Your body has grown eyes which may confuse
                  | attackers. (Acc +3) [Jiyva's grace]
 46018 | Snake:2  | Noticed Vashnia
 46035 | Snake:2  | Killed Vashnia
 46556 | Snake:3  | Noticed Aizul
 46571 | Snake:3  | Killed Aizul
 46768 | Snake:3  | Noticed Agnes
 46783 | Snake:3  | Killed Agnes
 46823 | Snake:3  | Reached skill level 1 in Translocations
 46830 | Snake:3  | Reached ****** piety under Jiyva
 47580 | Slime:5  | Got a slimy rune of Zot
 47620 | Slime:5  | Identified the +8 whip of Defenestration {speed, Dex+6}
 47631 | Slime:5  | Identified the +2 scimitar of Diaceati {vorpal, Fly Int+4}
 47632 | Slime:5  | Identified the amulet of Qazlal's Respect {Faith -Cast
                  | Drain Str+4 Dex+5}
 47676 | Slime:5  | Identified the +0 crystal plate armour of Inference {Str+4}
 48001 | Snake:4  | Entered Level 4 of the Snake Pit
 48002 | Snake:4  | Noticed Mara
 48106 | Snake:4  | Killed Mara
 48263 | Snake:4  | Lost mutation: You have a pair of small horns on your head.
                  | [Jiyva's grace]
 48263 | Snake:4  | Lost mutation: Your flesh is almost immune to the effects
                  | of heat. (rF+++) [Jiyva's grace]
 48263 | Snake:4  | Lost mutation: Your magical capacity is low. (-10% MP)
                  | [Jiyva's grace]
 48263 | Snake:4  | Lost mutation: Your body has grown eyes which may confuse
                  | attackers. (Acc +3) [Jiyva's grace]
 48263 | Snake:4  | Gained mutation: Your muscles are strong. (Str +2) [Jiyva's
                  | grace]
 48263 | Snake:4  | Gained mutation: Your muscles are very strong. (Str +4)
                  | [Jiyva's grace]
 48263 | Snake:4  | Gained mutation: You are agile. (Dex +2) [Jiyva's grace]
 48263 | Snake:4  | Gained mutation: You are very agile. (Dex +4) [Jiyva's
                  | grace]
 48274 | Snake:4  | Noticed Asterion
 48284 | Snake:4  | Killed Asterion
 48697 | Snake:4  | Got a serpentine rune of Zot
 49441 | Snake:4  | Learned a level 5 spell: Manifold Assault
 49751 | Vaults:1 | Entered Level 1 of the Vaults
 49764 | Vaults:1 | Reached skill level 5 in Transmutations
 49805 | Vaults:1 | Reached skill level 5 in Translocations
 49814 | Vaults:1 | Reached XP level 20. HP: 163/187 MP: 13/28
 50071 | Vaults:1 | Identified the ring "Voehalae" {EV+4 Stlth+}
 50121 | Vaults:1 | Lost mutation: Your flesh is cold resistant. (rC+) [Jiyva's
                  | grace]
 50121 | Vaults:1 | Lost mutation: Your flesh is very heat resistant. (rF++)
                  | [Jiyva's grace]
 50121 | Vaults:1 | Gained mutation: Armour fits poorly on your pseudopods.
                  | [Jiyva's grace]
 50121 | Vaults:1 | Gained mutation: Armour fits poorly on your large
                  | pseudopods. [Jiyva's grace]
 50121 | Vaults:1 | Gained mutation: Armour fits poorly on your massive
                  | pseudopods. [Jiyva's grace]
 50121 | Vaults:1 | Gained mutation: Your rubbery body absorbs attacks. (AC +1,
                  | EV +1) [Jiyva's grace]
 50124 | Vaults:1 | Found Qihozes's Magic Scroll Emporium.
 50175 | Vaults:1 | Noticed Zenata
 50190 | Vaults:1 | Killed Zenata
 50864 | Vaults:1 | Was forgiven by Kikubaaqudgha
 51126 | Vaults:2 | Reached skill level 20 in Necromancy
 51129 | Vaults:2 | Identified the +1 plate armour of the Rose {Harm Int+8
                  | Dex-2 Stlth-}
 51136 | Vaults:2 | Found Puof Bac's Jewellery Emporium.
 51209 | Vaults:2 | Found a crumbling gateway.
 51219 | Desolati | Entered the Desolation of Salt
 51283 | Desolati | Lost mutation: You have razor-sharp toenails. [Jiyva's
                  | grace]
 51283 | Desolati | Lost mutation: Your muscles are very strong. (Str +4)
                  | [Jiyva's grace]
 51283 | Desolati | Gained mutation: Your melee attacks may engulf your foes in
                  | ooze. [Jiyva's grace]
 51283 | Desolati | Gained mutation: Your body has grown eyes which may confuse
                  | attackers. (Acc +3) [Jiyva's grace]
 51283 | Desolati | Gained mutation: Your body has grown many eyes which may
                  | confuse attackers. (Acc +5) [Jiyva's grace]
 51283 | Desolati | Gained mutation: Your body is covered in eyes which may
                  | confuse attackers. (Acc +7, SInv) [Jiyva's grace]
 51310 | Desolati | Identified the amulet "Jaricheo" {rN++ Will+ Regen+}
 51453 | Desolati | Found the +8 frozen axe "Frostbite" {freezing cloud, *Noise
                  | Fly rC+}
 51456 | Desolati | Identified the +5 pair of boots of Dim Light {Will+ rCorr
                  | Int+2}
 51482 | Desolati | Identified the ring "Zenenis" {rN+ Int+6}
 51533 | Desolati | Identified the +5 plate armour of the Cricket {Will+}
 51547 | Desolati | Got the Reference Book on the Entrancing Rocks
 51555 | Desolati | Identified the ring of Sin {rElec rF+++ rN+ Will- Str+4}
 52222 | Vaults:2 | Reached XP level 21. HP: 195/195 MP: 30/30
 53319 | Shoals:1 | Bought the +1 cloak of Starlight {*Dazzle EV+4 Stlth--} for
                  | 549 gold pieces
 53319 | Shoals:1 | Found the +1 cloak of Starlight {*Dazzle EV+4 Stlth--}
 53814 | Vaults:3 | Lost mutation: Your flesh is heat resistant. (rF+) [Jiyva's
                  | grace]
 53814 | Vaults:3 | Lost mutation: Your body is covered in eyes which may
                  | confuse attackers. (Acc +7, SInv) [Jiyva's grace]
 53814 | Vaults:3 | Lost mutation: Your body has grown many eyes which may
                  | confuse attackers. (Acc +5) [Jiyva's grace]
 53814 | Vaults:3 | Lost mutation: You have a small jelly attached to you that
                  | may absorb projectiles. [Jiyva's grace]
 53814 | Vaults:3 | Lost mutation: You have sharp toenails. [Jiyva's grace]
 53814 | Vaults:3 | Gained mutation: You have large cloven feet. [Jiyva's
                  | grace]
 53814 | Vaults:3 | Gained mutation: You have hoof-like feet. [Jiyva's grace]
 53814 | Vaults:3 | Gained mutation: You have hooves in place of feet. [Jiyva's
                  | grace]
 53814 | Vaults:3 | Gained mutation: You have a small jelly attached to you
                  | that senses nearby items. [Jiyva's grace]
 54484 | Vaults:3 | Found a staircase to the Crypt.
 54806 | Elf:1    | You paid a toll of 5 scrolls of fog to enter a treasure
                  | trove
 54807 | Trove    | Entered a treasure trove
 54810 | Trove    | Found the +2 cloak of the Thief {*Fog Slay-2 SInv Stlth+}
 54811 | Trove    | Identified the +2 crystal plate armour of the Northern
                  | Lights {rElec rC- Str-5 Dex+8}
 54816 | Trove    | Identified the +1 scale mail "Wuapu" {Str-3 Dex+3 Stlth+}
 54819 | Trove    | Identified the +1 kite shield "Kobin" {Will+}
 54820 | Trove    | Identified the +0 helmet "Xavemo" {rC+ SInv Stlth+}
 54822 | Trove    | Identified the -7 cloak of the Beginning {Rampage Fly Str-5
                  | Dex-5}
 54824 | Trove    | Identified the +0 cloak of Oribb {Int+4 SInv}
 55000 | Elf:2    | Reached skill level 10 in Armour
 55008 | Elf:2    | Reached skill level 1 in Shields
 55045 | Elf:2    | Reached skill level 10 in Translocations
 55083 | Elf:2    | Reached skill level 15 in Evocations
 55335 | Elf:3    | Entered Level 3 of the Elven Halls
 55510 | Elf:3    | Found Sofrerurai's Weapon Shoppe.
 55609 | Elf:3    | Lost mutation: Your rubbery body absorbs attacks. (AC +1,
                  | EV +1) [Jiyva's grace]
 55609 | Elf:3    | Lost mutation: Armour fits poorly on your massive
                  | pseudopods. [Jiyva's grace]
 55609 | Elf:3    | Lost mutation: Armour fits poorly on your large pseudopods.
                  | [Jiyva's grace]
 55609 | Elf:3    | Lost mutation: Your melee attacks may engulf your foes in
                  | ooze. [Jiyva's grace]
 55609 | Elf:3    | Gained mutation: You are covered in slimy tendrils that may
                  | disarm your opponents. [Jiyva's grace]
 55609 | Elf:3    | Gained mutation: You have supernaturally acute eyesight.
                  | (SInv) [Jiyva's grace]
 55609 | Elf:3    | Gained mutation: Your flesh is heat resistant. (rF+)
                  | [Jiyva's grace]
 55609 | Elf:3    | Gained mutation: Your flesh is very heat resistant. (rF++)
                  | [Jiyva's grace]
 55797 | Elf:3    | Got the Grimoire of Congealing Companions
 55892 | Elf:3    | Reached skill level 10 in Staves
 55977 | Elf:3    | Reached skill level 5 in Shields
 56001 | Elf:3    | Reached XP level 22. HP: 149/206 MP: 7/31
 56046 | Elf:3    | Identified the +2 ring mail of the Dropbear {Int+6}
 57261 | Vaults:4 | Identified the +10 war axe "Spiderslayer" {venom, Drain
                  | rPois rF++ rCorr}
 57711 | Vaults:5 | Entered Level 5 of the Vaults
 57734 | Vaults:5 | Reached skill level 15 in Dodging
 57951 | Vaults:5 | Reached XP level 23. HP: 208/216 MP: 14/33
 57979 | Vaults:5 | Identified the +0 robe of the Arcane {Dex+5}
 58006 | Vaults:5 | Identified the +5 spear of the Apocalypse {vorpal, rN+
                  | SInv}
 58024 | Vaults:5 | Identified the +7 great mace of War {vorpal, rF+ Dex+2
                  | SInv}
 58110 | Vaults:5 | Reached skill level 15 in Fighting
 58117 | Vaults:5 | Got a silver rune of Zot
 58206 | Vaults:5 | Found the -2 hat of the Alchemist {rElec rPois rF+ rC+ rN+
                  | Will+ rMut rCorr}
 58305 | Vaults:5 | Identified the +2 pair of gloves "Xiroir" {Dex+3}
 58498 | Vaults:5 | Identified the +5 halberd of Eternal Vigilance {venom, rN+
                  | Str+3 Dex+6}
 58521 | Vaults:5 | Lost mutation: You have hooves in place of feet. [Jiyva's
                  | grace]
 58521 | Vaults:5 | Lost mutation: Your flesh is very heat resistant. (rF++)
                  | [Jiyva's grace]
 58521 | Vaults:5 | Lost mutation: Your muscles are strong. (Str +2) [Jiyva's
                  | grace]
 58521 | Vaults:5 | Gained mutation: You are resistant to electric shocks.
                  | (rElec) [Jiyva's grace]
 58521 | Vaults:5 | Gained mutation: You are robust. (+10% HP) [Jiyva's grace]
 58521 | Vaults:5 | Gained mutation: You are very robust. (+20% HP) [Jiyva's
                  | grace]
 58521 | Vaults:5 | Gained mutation: You are extremely robust. (+30% HP)
                  | [Jiyva's grace]
 58838 | Vaults:5 | Learned a level 8 spell: Necromutation
 58872 | Vaults:5 | Identified the +1 fire dragon scales "Riseel" {+Inv rF++
                  | rC- rCorr Str-4 Int-3}
 59264 | Depths:1 | Reached skill level 10 in Transmutations
 59363 | Depths:1 | Found Dasaet's General Store.
 59404 | Depths:1 | Bought a potion of ambrosia for 152 gold pieces
 59404 | Depths:1 | Bought a scroll of summoning for 180 gold pieces
 60097 | Shoals:1 | Bought a scroll of blinking for 277 gold pieces
 60097 | Shoals:1 | Bought a scroll of magic mapping for 129 gold pieces
 60097 | Shoals:1 | Bought a potion of brilliance for 148 gold pieces
 60414 | Depths:2 | Found a one-way gate leading to the halls of Pandemonium.
 60453 | Depths:2 | Noticed Nikola
 60462 | Depths:2 | Killed Nikola
 60586 | Depths:2 | Found a one-way gateway to a ziggurat.
 60660 | Depths:2 | Identified the ring of Odeosat {Fire SInv}
 60947 | Depths:2 | Noticed a caustic shrike
 60948 | Depths:2 | Noticed a caustic shrike
 60953 | Depths:2 | Killed a caustic shrike
 60954 | Depths:2 | Killed a caustic shrike
 60955 | Depths:2 | Reached skill level 15 in Spellcasting
 61226 | Depths:2 | Lost mutation: You are very agile. (Dex +4) [Jiyva's grace]
 61226 | Depths:2 | Lost mutation: You are highly strong-willed. (Will++)
                  | [Jiyva's grace]
 61226 | Depths:2 | Lost mutation: You are strong-willed. (Will+) [Jiyva's
                  | grace]
 61226 | Depths:2 | Gained mutation: Your body has grown many eyes which may
                  | confuse attackers. (Acc +5) [Jiyva's grace]
 61226 | Depths:2 | Gained mutation: Your body is covered in eyes which may
                  | confuse attackers. (Acc +7, SInv) [Jiyva's grace]
 61226 | Depths:2 | Gained mutation: Your mind is acute. (Int +2) [Jiyva's
                  | grace]
 61226 | Depths:2 | Gained mutation: Your mind is very acute. (Int +4) [Jiyva's
                  | grace]
 61529 | Depths:3 | Identified the +9 hand axe of Righteous Anger {vorpal, rC+
                  | Str+3}
 61529 | Depths:3 | Identified the amulet of Dasityaw {Regen+ Int+2}
 61547 | Depths:3 | Noticed a juggernaut
 61553 | Depths:3 | Killed a juggernaut
 61678 | Depths:3 | Noticed a caustic shrike
 61685 | Depths:3 | Killed a caustic shrike
 61695 | Depths:3 | Found a one-way gate to the infinite horrors of the Abyss.
 61737 | Depths:3 | Identified the +10 shortbow of Grontol {freeze, Fly}
 61753 | Depths:3 | Found Legugam's Book Shoppe.
 61755 | Depths:3 | Found Qagoevvo's Jewellery Boutique.
 61756 | Depths:3 | Found Utum's Book Shoppe.
 62405 | Depths:4 | Entered Level 4 of the Depths
 62418 | Depths:4 | Reached XP level 24. HP: 289/292 MP: 12/34
 62471 | Depths:4 | Reached skill level 21 in Necromancy
 62511 | Depths:4 | Found Kute's Distillery.
 62573 | Depths:4 | Found a gate to the Realm of Zot.
 62706 | Depths:4 | Found a runed translucent gate.
 62706 | Depths:4 | Found a runed translucent gate.
 62706 | Depths:4 | Found a runed translucent gate.
 63081 | Depths:4 | Identified the +9 rapier "Ruistrizi" {freeze, Drain Dex+5}
 63131 | Depths:4 | Voluntarily entered the Abyss.
 63142 | Abyss:2  | Found a corrupted altar of Lugonu.
 63302 | Abyss:3  | Found a corrupted altar of Lugonu.
 63641 | Abyss:3  | Identified the +1 scale mail of the Jackalope {rPois Will++
                  | Int-3}
 63651 | Abyss:3  | Found a corrupted altar of Lugonu.
 63928 | Abyss:4  | Found a corrupted altar of Lugonu.
 64048 | Abyss:4  | Reached XP level 25. HP: 288/298 MP: 33/35
 64048 | Abyss:4  | Reached XP level 26. HP: 299/310 MP: 33/35
 64048 | Abyss:4  | Got an abyssal rune of Zot
 64103 | Depths:4 | Escaped the Abyss
 64165 | Pan      | Entered Pandemonium
 64300 | Pan      | Lost mutation: You have hoof-like feet. [Jiyva's grace]
 64300 | Pan      | Lost mutation: You are agile. (Dex +2) [Jiyva's grace]
 64300 | Pan      | Lost mutation: Your mind is very acute. (Int +4) [Jiyva's
                  | grace]
 64300 | Pan      | Lost mutation: Your mind is acute. (Int +2) [Jiyva's grace]
 64300 | Pan      | Lost mutation: Armour fits poorly on your pseudopods.
                  | [Jiyva's grace]
 64300 | Pan      | Gained mutation: Your mind is acute. (Int +2) [Jiyva's
                  | grace]
 64300 | Pan      | Gained mutation: Your mind is very acute. (Int +4) [Jiyva's
                  | grace]
 64300 | Pan      | Gained mutation: You are agile. (Dex +2) [Jiyva's grace]
 64300 | Pan      | Gained mutation: You are very agile. (Dex +4) [Jiyva's
                  | grace]
 64511 | Pan      | Noticed Sagacaf the pandemonium lord
 64528 | Pan      | Killed Sagacaf the pandemonium lord
 64684 | Pan      | Learned a level 6 spell: Eringya's Noxious Bog
 64737 | Pan      | Found an exit through the horrors of the Abyss.
 64831 | Pan      | Noticed Tuta the pandemonium lord
 64859 | Pan      | HP: 6/314 [Tuta the pandemonium lord/iron shot (67)]
 64860 | Pan      | Killed from afar by Tuta the pandemonium lord

Illustrated notes

Levels and vault maps discovered:
D:1:      eino_arrival_water_star, layout_basic,
          hellmonk_ecumenical_altar_blasted
D:2:      layout_basic, serial_shops, nicolae_shop_statue_plus, uniq_jessica
D:3:      minmay_roachtagon, layout_loops_cross, dreamdust_princess_bridge,
          uniq_sigmund
D:4:      minmay_thinvault, layout_basic, uniq_robin
D:5:      layout_loops_ring, pf_guarded_unrand_meek
D:6:      layout_cave_pools, mainiacjoe_overflow_alcove_1,
          minmay_temple_entry_sparse_star, uniq_duvessa
D:7:      layout_cave_pools, lemuel_flame_loot_1
D:8:      layout_rooms, minmay_radiant, uniq_maggie
D:9:      layout_loops_ring, erik_lair_dragon, kennysheep_potato, uniq_erolcha
D:10:     layout_loops_ring, erik_orc_1, minmay_misc_feat_cross,
          grunt_ministairs_15, chequers_serial_rivers_small_a,
          minmay_guarded_unrand_vampires_tooth
D:11:     layout_stronghold, minmay_shop_grid_forest, minmay_misc_feat_tower,
          uniq_psyche
D:12:     layout_basic
D:13:     kennysheep_scales, layout_loops_ring, david_vaults_5, uniq_rupert
D:14:     layout_long_grid, nemelex_diamond_rough_becter
D:15:     gammafunk_enter_depths_forms, layout_basic,
          nicolae_ru_the_path_less_chosen
Temple:   mainiacjoe_temple_hex_bubbles
Lair:1:   layout_gridlike, serial_bayou_lagoon_a, uniq_grum
Lair:2:   layout_concentric_octagons, minmay_shoals_entry_centaurs,
          nzn_ghost_randoct, uniq_harold
Lair:3:   layout_misc_corridors, guppyfry_snake_entry_island,
          lemuel_fruit_fields
Lair:4:   layout_roguey, grunt_megastairs_5, serial_bayou_shore_a
Lair:5:   layout_layer_cave, minmay_slime_entry_oklob_open, serial_rivers,
          chequers_serial_rivers_small_3, chequers_serial_rivers_large_a,
          chequers_serial_rivers_micro_b, chequers_serial_rivers_micro_d,
          chequers_serial_rivers_micro_b, chequers_serial_rivers_small_b,
          beast_lair_carwin_1, uniq_josephine, uniq_snorg
Lair:6:   evil_forest, layout_regular_city
Shoals:1: layout_shoals, serial_shops, nicolae_shop_waterfront,
          nicolae_shop_overgrown_old_shop, nicolae_shop_bloodbath_and_beyond,
          shop_fountains, nicolae_shop_advertising_works
          [nicolae_subvault_shop_adworks], ebering_ghost_reflecting_pool,
          nicolae_shoals_spectral_cove
Shoals:2: layout_shoals, gammafunk_ghost_cemetery
Shoals:3: cheibrodos_shoals_roost, layout_shoals, nicolae_shoals_cliffside_cave,
          nzn_prometheus_bound, uniq_bai_suzhen
Shoals:4: shoals_end_grunt_ice, layout_shoals, uniq_polyphemus, uniq_roxanne
Snake:1:  layout_chambers, gammafunk_ghost_grave, serial_nicolae_subway,
          nicolae_sub_station_stone, nicolae_sub_station_crystal,
          nicolae_sub_station_metal, grunt_megastairs_1
Snake:2:  layout_grid_maze, uniq_vashnia
Snake:3:  layout_grid_shapes, uniq_aizul, uniq_agnes
Snake:4:  hellmonk_snake_rune_quicksilver_temple, layout_chambers, uniq_mara,
          uniq_asterion
Slime:1:  layout_caves
Slime:2:  layout_caves, uniq_donald
Slime:3:  layout_caves
Slime:4:  layout_caves
Slime:5
Orc:1:    layout_caves, serial_shops, nicolae_square_shop,
          portal_ice_cave_entry_imps, nicolae_orc_sculptors_studio, uniq_sonja,
          uniq_urug, uniq_fannar
Orc:2:    st_orc_mages, layout_caves, gauntlet_entry_generic, uniq_jorgrun
Elf:1:    layout_gridlike, nicolae_trove_entry_crossroad,
          minmay_elf_annihilation
Elf:2:    nicolae_elf_blades_crystal_corner, layout_geoelf_octagon,
          serial_shops, nicolae_diamond_shop, nicolae_stop_n_shop_1
Elf:3:    minmay_elf_hall_statues, layout_gridlike, serial_shops, shop,
          roderic_lattice_octagonal_star
Vaults:1: vaults_room_pool, ontoclasm_vaults_misaligned, ontoclasm_vaults_twist,
          grunt_vaults_swirl, hangedman_vaults_nails, v_rooms_6,
          vaults_mumra_hex, vaults_room_door_ring, st_more_cells,
          layout_vaults_chaotic_city, serial_shops, shop, uniq_zenata
Vaults:2: portal_desolation_entry_ruin, v_pattern_5, v_misc_18, v_misc_2,
          vaults_dpeg_encased_lava, vaults_mumra_minichess, v_misc_13,
          grunt_vaults_hallway_long, nicolae_vaults_mini_display_case,
          hangedman_vaults_cutoff, layout_vaults_omnigrid, serial_shops,
          nicolae_shop_stone
Vaults:3: v_alt_pattern_1, ontoclasm_vaults_claustrophobia, v_misc_19,
          nicolae_vaults_asterisk, minmay_crypt_entry_simple_statues,
          grunt_vaults_diagonal, v_misc_19, v_alt_pattern_5,
          grunt_vaults_hallway_long, hangedman_vaults_slice,
          layout_vaults_omnicross
Vaults:4: hangedman_vaults_hat, v_misc_3, nicolae_vaults_arrows, v_misc_18,
          nicolae_vaults_three_branches, v_rooms_1, ontoclasm_vaults_fault,
          vaults_dpeg_ring, nicolae_vaults_asterisk, hangedman_vaults_impose,
          ontoclasm_vaults_loading_screen, nicolae_vaults_asterisk,
          vaults_room_door_ring, layout_vaults_omnibox
Vaults:5: serial_shops
Depths:1: layout_cross, grunt_mini_vestibule, serial_shops, shop,
          grunt_decor_junction, minmay_fractal_squares_diagonal_5
Depths:2: minmay_nine_rooms, layout_basic, enter_ziggurat_b,
          grunt_hell_entry_dis_mu, hangedman_decor_diamond_cutter,
          rand_demon_pan_entry_3, uniq_nikola
Depths:3: minmay_the_grid_octo_triangle [minmay_the_grid_octo_empty,
          minmay_the_grid_octo_prize_star, minmay_the_grid_octo_checkered],
          layout_basic, hell_entry, abyss_entry, nicolae_figureground_sparkle,
          minmay_shop_grove, minmay_staircase_windowed_small
Depths:4: grunt_zot_entry_alcove, layout_cave_pools, abyss_entry, serial_shops,
          shop, hangedman_tar_grid_catacomb, minmay_misc_feat_four_crosses,
          nrook_uturn, minmay_tree_intersection, pandoras_box_mu, uniq_josephina
Pan:      nicolae_pan_door_chamber, layout_chambers, evilmike_mini_pan_doors_b,
          layout_pan_divisions_b [pan_division_quadrant_b3,
          pan_division_quadrant_b1, pan_division_quadrant_b5,
          pan_division_quadrant_b4], pan_blood_fountain_small,
          evilmike_mini_pan_doors, layout_small_grid, pan_blood_fountain

Skill      XL: |  1  2  3  4  5  6  7  8  9 10 11 12 13 14 15 16 17 18 19 20 21 22 23 24 25 26 |
---------------+-------------------------------------------------------------------------------+-----
Spellcasting   | 2 3 4 5 6 8 9 10 11 12 13 14 15 16 | 16.2
Necromancy     | 5 6 7 8 9 11 12 14 15 16 17 19 20 21 | 21.7
Fighting       | 1 2 3 4 5 6 7 8 9 11 12 13 14 15 | 15.3
Dodging        | 3 4 5 6 8 9 10 11 12 13 14 15 | 15.0
Staves         | 3 5 7 8 9 10 11 12 13 | 13.3
Stealth        | 4 6 7 10 14 16 | 16.0
Earth Magic    | 1 6 8 |  8.0
Evocations     | 4 7 9 10 11 12 13 14 15 | 15.0
Armour         | 3 5 6 8 9 10 | 10.0
Ice Magic      | 1 3 5 6 |  6.0
Short Blades   | 2 5 7 |  7.0
Transmutations | 2 5 6 7 9 13 16 | 16.2
Translocations | 5 8 10 | 10.0
Shields        | 5 9 |  9.0
Axes           | |  0.5

Action                   |  1- 3 |  4- 6 |  7- 9 | 10-12 | 13-15 | 16-18 | 19-21 | 22-24 | 25-27 || total
-------------------------+-------+-------+-------+-------+-------+-------+-------+-------+-------++-------
Melee: Unarmed           |     2 |       |       |       |       |       |       |       |       ||     2
       Dagger            |     5 |       |       |     2 |       |       |       |       |       ||     7
       Punch             |     1 |       |       |       |     6 |     3 |       |       |       ||    10
       Scythe            |       |    47 |    35 |       |       |       |       |       |       ||    82
       Quarterstaff      |       |       |    39 |   200 |   163 |       |       |       |       ||   402
       Headbutt          |       |       |     3 |    59 |   123 |   300 |    36 |       |       ||   521
       Quick blade       |       |       |       |       |   187 |   436 |       |       |       ||   623
       Battleaxe         |       |       |       |       |    11 |    66 |       |       |       ||    77
       Staff             |       |       |       |       |    10 |   490 |   705 |   853 |   204 ||  2262
       Kick              |       |       |       |       |       |    75 |    50 |    96 |       ||   221
       Pseudopods        |       |       |       |       |       |       |   125 |   289 |    17 ||   431
Throw: Dart              |       |       |    13 |    20 |     4 |     2 |       |       |       ||    39
       Throwing net      |       |       |     2 |       |       |       |       |       |       ||     2
 Cast: Pain              |    48 |    33 |    13 |     4 |     2 |       |       |       |       ||   100
       Vampiric Draining |       |    23 |    87 |   202 |   113 |    22 |     1 |       |       ||   448
       Dispel Undead     |       |       |    13 |    13 |    16 |    17 |    19 |       |       ||    78
       Animate Dead      |       |       |     3 |    16 |    32 |    23 |     7 |     9 |     1 ||    91
       Borgnjor's Vile C |       |       |       |    22 |   149 |    58 |    30 |    34 |     4 ||   297
       Simulacrum        |       |       |       |       |    34 |    36 |    23 |    19 |       ||   112
       Anguish           |       |       |       |       |     3 |    15 |     4 |     2 |     1 ||    25
       Infestation       |       |       |       |       |       |   104 |   222 |   159 |    31 ||   516
       Manifold Assault  |       |       |       |       |       |       |    19 |    38 |    13 ||    70
       Necromutation     |       |       |       |       |       |       |       |     1 |     3 ||     4
       Eringya's Noxious |       |       |       |       |       |       |       |       |     2 ||     2
Invok: Receive Corpses   |       |       |       |     3 |    13 |    13 |       |       |       ||    29
       Receive Forbidden |       |       |       |       |     1 |       |       |       |       ||     1
       Oozemancy         |       |       |       |       |       |     1 |     1 |     2 |       ||     4
 Abil: Heal Wounds       |       |       |     2 |     1 |     7 |    33 |     1 |       |     1 ||    45
       Evoke Invisibilit |       |       |       |     1 |     4 |     3 |       |       |       ||     8
Evoke: Wand              |       |       |     4 |    30 |    62 |    31 |     9 |     6 |       ||   142
       Condenser vane    |       |       |       |     1 |     6 |    10 |     7 |     9 |     2 ||    35
       Tin of tremorston |       |       |       |       |     3 |     8 |     5 |     3 |     2 ||    21
       Lightning rod     |       |       |       |       |       |       |     9 |     9 |     1 ||    19
       Phantom mirror    |       |       |       |       |       |       |       |     2 |     2 ||     4
       Phial of floods   |       |       |       |       |       |       |       |       |     1 ||     1
  Use: Scroll            |       |       |     9 |    11 |     5 |    20 |     3 |     6 |     1 ||    55
       Potion            |       |       |    14 |     3 |     5 |    26 |     6 |     6 |       ||    60
 Stab: Sleeping          |       |     3 |     4 |     3 |    15 |    31 |     6 |     6 |       ||    68
       Invisible         |       |       |       |     3 |    16 |     6 |     5 |       |     3 ||    33
       Distracted        |       |       |       |       |     3 |    10 |    24 |    19 |     2 ||    58
       Confused          |       |       |       |       |       |       |    13 |    13 |     9 ||    35
Armor: Robe              |     1 |    25 |    72 |    45 |       |       |       |       |       ||   143
       Leather armour    |       |       |       |    25 |   183 |   525 |   402 |     5 |       ||  1140
       Ring mail         |       |       |       |       |       |       |       |   235 |    85 ||   320
Dodge: Dodged            |     1 |    40 |   176 |   358 |   372 |   924 |   800 |   352 |   116 ||  3139
Block: Kite shield       |       |       |       |       |       |       |    42 |   347 |   110 ||   499

Table legend: (Time is in decaauts)
 A = Elapsed time spent in this place.
 B = Non-inter-level travel time spent in this place.
 C = Inter-level travel time spent in this place.
 D = Time resting spent in this place.
 E = Time spent auto-exploring this place.
 F = Levels seen in this place.
 G = Mean time per level.
                   A        B        C        D        E       F      G
               +--------+--------+--------+--------+--------+-----+--------+
         Total |  64341 |  57062 |   7279 |   7854 |  31386 |  59 | 1090.5 |
       Dungeon |  24923 |  21018 |   3905 |   4967 |  11633 |  15 | 1661.5 |
        Temple |    299 |    238 |     61 |      0 |    236 |   1 |  299.0 |
          Lair |  11203 |  10300 |    903 |   1710 |   6027 |   6 | 1867.2 |
        Shoals |   4197 |   3849 |    348 |    373 |   1983 |   4 | 1049.2 |
     Snake Pit |   4725 |   4289 |    436 |     62 |   2910 |   4 | 1181.2 |
    Slime Pits |   1212 |    983 |    229 |    100 |    348 |   5 |  242.4 |
  Orcish Mines |   1414 |   1267 |    147 |      0 |    795 |   2 |  707.0 |
   Elven Halls |   3568 |   3249 |    319 |    504 |   1346 |   3 | 1189.3 |
        Vaults |   5979 |   5298 |    681 |      0 |   3393 |   5 | 1195.8 |
        Depths |   3505 |   3260 |    245 |    103 |   1880 |   4 |  876.2 |
         Abyss |    918 |    918 |      0 |      0 |     56 |   4 |  229.5 |
   Pandemonium |    652 |    652 |      0 |      0 |    102 |   3 |  217.3 |
         Trove |     43 |     43 |      0 |      0 |      0 |   1 |   43.0 |
      Ice Cave |    924 |    924 |      0 |     35 |    309 |   1 |  924.0 |
    Desolation |    770 |    770 |      0 |      0 |    366 |   1 |  770.0 |
               +--------+--------+--------+--------+--------+-----+--------+

Top non-repeatable levels by time:
     D:9: 3119 daAuts
  Lair:6: 3036 daAuts
  Lair:5: 2486 daAuts
    D:10: 2400 daAuts
    D:13: 2007 daAuts
    D:12: 1984 daAuts
     D:5: 1946 daAuts
  Lair:1: 1914 daAuts
     D:4: 1806 daAuts
    D:14: 1687 daAuts
    D:11: 1608 daAuts
   Elf:1: 1562 daAuts
  Lair:4: 1551 daAuts
Vaults:2: 1504 daAuts
    D:15: 1467 daAuts
